TOP OF THE 1ST |
University of Conneticut Huskies batting - Pitching for Louisiana State University Tigers : RHP Sal Ganzalez
|
Pitching: RHP Mike Moore
|
|
Batting: RHB Phil Hilton
|
0-0: Foul Ball, location: 2F 0-1: DOUBLE (Line Drive, 7LS, EV 93.8 MPH)
|
Batting: RHB Cullen Elliott
|
0-0: Called Strike 0-1: Ball 1-1: Ball 2-1: Ground out 3-1 (Groundball, 34, EV 83.8 MPH) Phil Hilton to third
|
Batting: LHB Hector Acosta
|
0-0: Foul Ball, location: 2F 0-1: Swinging Strike 0-2: Ball 1-2: Strikes out looking
|
Batting: RHB Jai De san miguel
|
0-0: Called Strike 0-1: Ball 1-1: Foul Ball, location: 2F 1-2: Ball 2-2: Foul Ball, location: 2F 2-2: DOUBLE (Line Drive, 89D, EV 105.6 MPH) Phil Hilton scores
|
Batting: RHB Roku Kawano
|
0-0: Foul Ball, location: 2F 0-1: Ball 1-1: Ball 2-1: Ball 3-1: Base on Balls
|
Batting: LHB Omar Alba
|
0-0: Ground out 4-3 (Groundball, 4S, EV 88.8 MPH)
|
Top of the 1st over - 1 run, 2 hits, 0 errors, 2 left on base; University of Conneticut 1 - Louisiana State University 0 |
BOTTOM OF THE 1ST |
Louisiana State University Tigers batting - Pitching for University of Conneticut Huskies : RHP Sal Sanchez
|
Pitching: RHP Sal Sanchez
|
|
Batting: LHB Elijah Mallandain
|
0-0: Ball 1-0: Ball 2-0: Called Strike 2-1: Fly out, F8 (Flyball, 8RS, EV 78.8 MPH)
|
Batting: RHB Winston Vasquez
|
0-0: Called Strike 0-1: Called Strike 0-2: Fly out, F8 (Line Drive, 8RM, EV 89.4 MPH)
|
Batting: RHB Stewart Walker
|
0-0: Ball 1-0: Ball 2-0: DOUBLE (Line Drive, 78XD, EV 106.2 MPH)
|
Batting: LHB Todd Saunders
|
0-0: Ball 1-0: Ground out 4-3 (Groundball, 4, EV 82.5 MPH)
|
Bottom of the 1st over - 0 runs, 1 hit, 0 errors, 1 left on base; University of Conneticut 1 - Louisiana State University 0 |
TOP OF THE 2ND |
University of Conneticut Huskies batting - Pitching for Louisiana State University Tigers : RHP Mike Moore
|
Batting: LHB Jonathan Sica
|
0-0: Ball 1-0: Foul Ball, location: 2F 1-1: Foul Ball, location: 2F 1-2: Ground out 6-3 (Groundball, 6M, EV 105.0 MPH)
|
Batting: RHB Victor Ramos
|
0-0: Fly out, F8 (Line Drive, 89M, EV 92.5 MPH)
|
Batting: RHB Jack Vokey
|
0-0: Called Strike 0-1: Foul Ball, location: 2F 0-2: Ball 1-2: Fly out, F7 (Flyball, 7D, EV 96.2 MPH)
|
Top of the 2nd over - 0 runs, 0 hits, 0 errors, 0 left on base; University of Conneticut 1 - Louisiana State University 0 |
BOTTOM OF THE 2ND |
Louisiana State University Tigers batting - Pitching for University of Conneticut Huskies : RHP Sal Sanchez
|
Batting: RHB Pete Roberts
|
0-0: Ball 1-0: Foul Ball, location: 2F 1-1: Called Strike 1-2: Ball 2-2: Strikes out swinging
|
Batting: LHB Alex Morales
|
0-0: Ball 1-0: Ball 2-0: Ball 3-0: Base on Balls
|
Batting: RHB Keith Ashton
|
0-0: Called Strike Alex Morales steals 2nd base 0-1: Swinging Strike 0-2: Foul Ball, location: 2F 0-2: Foul Ball, location: 2F 0-2: Ball 1-2: Ground out 4-3 (Groundball, 4, EV 90.6 MPH) Alex Morales to third
|
Batting: LHB Oscar Rivera
|
0-0: DOUBLE (Flyball, 78D, EV 96.9 MPH) Alex Morales scores
|
Batting: SHB Shane Howe
|
0-0: Ball 1-0: Ball 2-0: Ball 3-0: Called Strike 3-1: Called Strike 3-2: Ground out U3 (Groundball, 3, EV 80.6 MPH)
|
Bottom of the 2nd over - 1 run, 1 hit, 0 errors, 1 left on base; University of Conneticut 1 - Louisiana State University 1 |
TOP OF THE 3RD |
University of Conneticut Huskies batting - Pitching for Louisiana State University Tigers : RHP Mike Moore
|
Pitching: RHP Luis Gonzales
|
|
Batting: RHB Phil Hilton
|
0-0: Ball 1-0: Ball 2-0: Swinging Strike 2-1: Ball 3-1: Ground out 6-3 (Groundball, 6, EV 91.2 MPH)
|
Batting: RHB Cullen Elliott
|
0-0: Called Strike 0-1: Reached via error on a dropped throw from 1B, E1 (Groundball, 34, EV 87.5 MPH)
|
Batting: LHB Hector Acosta
|
0-0: Called Strike 0-1: Called Strike 0-2: Ball 1-2: Strikes out swinging
|
Batting: RHB Jai De san miguel
|
0-0: SINGLE (Line Drive, 8LS, EV 88.8 MPH) Cullen Elliott to second Runner from 2nd tries for 3rd, OUT! 8-5
|
Top of the 3rd over - 0 runs, 1 hit, 1 error, 1 left on base; University of Conneticut 1 - Louisiana State University 1 |
BOTTOM OF THE 3RD |
Louisiana State University Tigers batting - Pitching for University of Conneticut Huskies : RHP Sal Sanchez
|
Batting: LHB Elijah Mallandain
|
0-0: Foul Ball, location: 2F 0-1: Foul Ball, location: 2F 0-2: Foul Ball, location: 2F 0-2: Foul Ball, location: 2F 0-2: Foul Ball, location: 2F 0-2: Ground out 4-3 (Groundball, 4D, EV 101.9 MPH)
|
Batting: RHB Winston Vasquez
|
0-0: Called Strike 0-1: Foul Ball, location: 2F 0-2: Foul Ball, location: 2F 0-2: Ball 1-2: Ground out 6-3 (Groundball, 6, EV 85.0 MPH)
|
Batting: RHB Stewart Walker
|
0-0: Ball 1-0: Ball 2-0: Called Strike 2-1: Foul Ball, location: 2F 2-2: Fly out, F9 (Line Drive, 9, EV 97.5 MPH)
|
Bottom of the 3rd over - 0 runs, 0 hits, 0 errors, 0 left on base; University of Conneticut 1 - Louisiana State University 1 |
TOP OF THE 4TH |
University of Conneticut Huskies batting - Pitching for Louisiana State University Tigers : RHP Luis Gonzales
|
Pitching: RHP Rogelio Rivera
|
|
Batting: RHB Roku Kawano
|
0-0: Foul Ball, location: 2F 0-1: Fly out, F3 (Popup, 3F, EV 55.0 MPH)
|
Batting: LHB Omar Alba
|
0-0: Ground out 5-3 (Groundball, 56S, EV 86.9 MPH)
|
Batting: LHB Jonathan Sica
|
0-0: Called Strike 0-1: Ball 1-1: Ball 2-1: Called Strike 2-2: Ball 3-2: Foul Ball, location: 2F 3-2: Base on Balls
|
Batting: RHB Victor Ramos
|
0-0: Ball 1-0: Ball 2-0: Foul Ball, location: 2F 2-1: Ball 3-1: Base on Balls Jonathan Sica to second
|
Batting: RHB Jack Vokey
|
0-0: Ball 1-0: Fly out, F7 (Flyball, 78S, EV 90.0 MPH)
|
Top of the 4th over - 0 runs, 0 hits, 0 errors, 2 left on base; University of Conneticut 1 - Louisiana State University 1 |
BOTTOM OF THE 4TH |
Louisiana State University Tigers batting - Pitching for University of Conneticut Huskies : RHP Sal Sanchez
|
Batting: LHB Todd Saunders
|
0-0: Foul Ball, location: 2F 0-1: DOUBLE (Line Drive, 7LS, EV 95.6 MPH)
|
Batting: RHB Pete Roberts
|
0-0: Fly out, F9 (Flyball, 9D, EV 98.1 MPH) Runner from 2nd tags up, SAFE at 3rd, no throw by RF
|
Batting: LHB Alex Morales
|
0-0: Fly out, F9 (Flyball, 9S, EV 83.8 MPH)
|
Batting: RHB Keith Ashton
|
0-0: SINGLE (Flyball, 8RS, EV 89.4 MPH) Todd Saunders scores
|
Batting: LHB Oscar Rivera
|
0-0: Foul Ball, location: 2F 0-1: Fly out, F6 (Popup, 15S, EV 80.6 MPH)
|
Bottom of the 4th over - 1 run, 2 hits, 0 errors, 1 left on base; University of Conneticut 1 - Louisiana State University 2 |
TOP OF THE 5TH |
University of Conneticut Huskies batting - Pitching for Louisiana State University Tigers : RHP Rogelio Rivera
|
Pitching: RHP D.J. Ganz
|
|
Now in RF: Elvin Ruffolo
|
|
Batting: RHB Phil Hilton
|
0-0: Called Strike 0-1: Foul Ball, location: 2F 0-2: Ball 1-2: Strikes out looking
|
Pinch Hitting: RHB Kyle Finney
|
0-0: Foul Ball, location: 2F 0-1: Foul Ball, location: 2F 0-2: Ball 1-2: Strikes out swinging
|
Pinch Hitting: RHB Victor Nava
|
0-0: Ball 1-0: Fly out, F7 (Flyball, 78S, EV 96.2 MPH)
|
Top of the 5th over - 0 runs, 0 hits, 0 errors, 0 left on base; University of Conneticut 1 - Louisiana State University 2 |
BOTTOM OF THE 5TH |
Louisiana State University Tigers batting - Pitching for University of Conneticut Huskies : RHP Sal Sanchez
|
Now at 1B: Lee Wilbur
|
|
Now at 2B: Kyle Finney
|
|
Now in RF: Victor Nava
|
|
Batting: SHB Shane Howe
|
0-0: Swinging Strike 0-1: Ball 1-1: Foul Ball, location: 2F 1-2: Ball 2-2: Fly out, F7 (Flyball, 7LM, EV 89.4 MPH)
|
Pinch Hitting: RHB Roku Miyahara
|
0-0: Called Strike 0-1: Ground out 6-3 (Groundball, 6S, EV 71.2 MPH)
|
Batting: RHB Winston Vasquez
|
0-0: Ball 1-0: Ball 2-0: Called Strike 2-1: Swinging Strike 2-2: Fly out, F8 (Flyball, 8LD, EV 100.6 MPH)
|
Bottom of the 5th over - 0 runs, 0 hits, 0 errors, 0 left on base; University of Conneticut 1 - Louisiana State University 2 |
TOP OF THE 6TH |
University of Conneticut Huskies batting - Pitching for Louisiana State University Tigers : RHP D.J. Ganz
|
Pitching: RHP Michael Koppers
|
|
Now at 1B: Peter Turcotte
|
|
Now at 2B: Byung-hee Jee
|
|
Now at 3B: Leo Roldan
|
|
Now at SS: David Dye
|
|
Now in LF: Brian Caruso
|
|
Now in CF: Carsten Obenauer
|
|
Pinch Hitting: RHB Jordan Nicholas
|
0-0: Ground out 4-3 (Groundball, 4, EV 108.8 MPH)
|
Pinch Hitting: SHB Miguel Perez
|
0-0: Ball 1-0: Ball 2-0: Called Strike 2-1: Ball 3-1: Base on Balls
|
Pinch Hitting: LHB Greg James
|
0-0: Called Strike 0-1: Called Strike 0-2: Foul Ball, location: 2F 0-2: Ball 1-2: Ball 2-2: Strikes out swinging
|
Batting: RHB Lee Wilbur
|
0-0: Swinging Strike 0-1: Swinging Strike 0-2: Ball 1-2: Strikes out swinging
|
Top of the 6th over - 0 runs, 0 hits, 0 errors, 1 left on base; University of Conneticut 1 - Louisiana State University 2 |
BOTTOM OF THE 6TH |
Louisiana State University Tigers batting - Pitching for University of Conneticut Huskies : RHP Sal Sanchez
|
Pitching: RHP Jean-François Michel
|
|
Now at C: Miguel Perez
|
|
Now at 3B: Jordan Nicholas
|
|
Now in CF: Victor Nava
|
|
Now in RF: Greg James
|
|
Batting: RHB Leo Roldan
|
0-0: Ball 1-0: SINGLE (Line Drive, 4MD, EV 98.8 MPH)
|
Batting: RHB Johnny Healey
|
0-0: Called Strike 0-1: Foul Ball, location: 2F 0-2: Fielders Choice at 2nd, 4-6 (Groundball, 4, EV 83.1 MPH)
|
Batting: SHB Brian Caruso
|
0-0: Foul Ball, location: 2F 0-1: Ball 1-1: Foul Ball, location: 2F 1-2: Strikes out looking
|
Batting: RHB Peter Turcotte
|
0-0: Ball 1-0: Ball 2-0: Fielders Choice at 2nd, 6-4 (Groundball, 6, EV 96.9 MPH)
|
Bottom of the 6th over - 0 runs, 1 hit, 0 errors, 1 left on base; University of Conneticut 1 - Louisiana State University 2 |
TOP OF THE 7TH |
University of Conneticut Huskies batting - Pitching for Louisiana State University Tigers : RHP Michael Koppers
|
Pitching: RHP Brian Hilbert
|
|
Now at C: Stone Fraser
|
|
Batting: RHB Charlie Slayback
|
0-0: Ball 1-0: Ground out 6-3 (Groundball, 6M, EV 79.4 MPH)
|
Batting: RHB Jack Vokey
|
0-0: Ground out U3 (Groundball, 3S, EV 90.0 MPH)
|
Batting: RHB Phil Hilton
|
0-0: Fly out, F8 (Line Drive, 8LM, EV 90.6 MPH)
|
Top of the 7th over - 0 runs, 0 hits, 0 errors, 0 left on base; University of Conneticut 1 - Louisiana State University 2 |
BOTTOM OF THE 7TH |
Louisiana State University Tigers batting - Pitching for University of Conneticut Huskies : RHP Jean-François Michel
|
Pitching: RHP Gabe Martinez
|
|
Batting: RHB Byung-hee Jee
|
0-0: Ball 1-0: Swinging Strike 1-1: Swinging Strike 1-2: Foul Ball, location: 2F 1-2: Ball 2-2: Reached on error, E2 (Groundball, 13S, EV 67.5 MPH)
|
Batting: RHB Elvin Ruffolo
|
0-0: Ball 1-0: Bunt missed! 1-1: Bunt missed! 1-2: Strikes out swinging, 2-3 out at first.
|
Batting: SHB Stone Fraser
|
0-0: Ball 1-0: Called Strike 1-1: Foul Ball, location: 2F 1-2: Foul Ball, location: 2F 1-2: Foul Ball, location: 2F 1-2: Foul Ball, location: 2F 1-2: Strikes out swinging
|
Batting: RHB David Dye
|
0-0: Called Strike 0-1: Swinging Strike 0-2: Strikes out swinging
|
Bottom of the 7th over - 0 runs, 0 hits, 1 error, 1 left on base; University of Conneticut 1 - Louisiana State University 2 |
TOP OF THE 8TH |
University of Conneticut Huskies batting - Pitching for Louisiana State University Tigers : RHP Brian Hilbert
|
Batting: RHB Kyle Finney
|
0-0: Ball 1-0: SINGLE (Groundball, 34, EV 83.8 MPH) (infield hit)
|
Batting: RHB Victor Nava
|
0-0: Swinging Strike 0-1: Called Strike 0-2: Ball 1-2: Ball 2-2: Foul Ball, location: 2F 2-2: Foul Ball, location: 2F 2-2: Ball 3-2: Strikes out swinging
|
Batting: RHB Jordan Nicholas
|
0-0: SINGLE (Groundball, 56, EV 107.5 MPH) (infield hit) Kyle Finney to second
|
Batting: SHB Miguel Perez
|
0-0: Called Strike 0-1: Ball 1-1: Fly out, F7 (Flyball, 7D, EV 93.1 MPH)
|
Batting: LHB Greg James
|
0-0: Called Strike 0-1: Fly out, F8 (Line Drive, 8RM, EV 85.6 MPH)
|
Top of the 8th over - 0 runs, 2 hits, 0 errors, 2 left on base; University of Conneticut 1 - Louisiana State University 2 |
BOTTOM OF THE 8TH |
Louisiana State University Tigers batting - Pitching for University of Conneticut Huskies : RHP Gabe Martinez
|
Pitching: LHP Jesus Cordero
|
|
Batting: LHB Carsten Obenauer
|
0-0: Called Strike 0-1: Ball 1-1: Called Strike 1-2: Strikes out swinging
|
Batting: RHB Leo Roldan
|
0-0: Ball 1-0: Fly out, F9 (Flyball, 89M, EV 93.1 MPH)
|
Batting: RHB Johnny Healey
|
0-0: Called Strike 0-1: Ball 1-1: Ball 2-1: SINGLE (Flyball, 7, EV 89.4 MPH)
|
Batting: SHB Brian Caruso
|
0-0: Ball 1-0: Called Strike 1-1: Ball 2-1: Swinging Strike 2-2: Ball 3-2: Strikes out swinging
|
Bottom of the 8th over - 0 runs, 1 hit, 0 errors, 1 left on base; University of Conneticut 1 - Louisiana State University 2 |
TOP OF THE 9TH |
University of Conneticut Huskies batting - Pitching for Louisiana State University Tigers : RHP Brian Hilbert
|
Pitching: LHP Nathan Waters
|
|
Batting: RHB Lee Wilbur
|
0-0: Ball 1-0: Ground out 5-3 (Groundball, 5, EV 99.4 MPH)
|
Batting: RHB Charlie Slayback
|
0-0: Ball 1-0: Foul Ball, location: 2F 1-1: Swinging Strike 1-2: Foul Ball, location: 2F 1-2: Fly out, F7 (Flyball, 7, EV 85.6 MPH)
|
Batting: RHB Jack Vokey
|
0-0: Ball 1-0: Foul Ball, location: 2F 1-1: Swinging Strike 1-2: Ground out 5-3 (Groundball, 25, EV 87.5 MPH)
|
Top of the 9th over - 0 runs, 0 hits, 0 errors, 0 left on base; University of Conneticut 1 - Louisiana State University 2 |
|